 Dungeon Crawl Stone Soup version 0.28-a0-533-g9f97627e2a (webtiles) character file.

Game seed: 3532035753532500792

0 Crimsonway the Skirmisher (level 1, -2/24 HPs)
             Began as an Ogre Cinder Acolyte on Sept 26, 2021.
             Was an Elder of Ignis.
             Engulfed by a cloud of flame (9 damage)
             ... on level 1 of the Dungeon.
             The game lasted 00:01:30 (58 turns).

Crimsonway the Skirmisher (Ogre Cinder Acolyte)       Turns: 58, Time: 00:01:30

Health: -2/24      AC:  3    Str: 17    XL:     1   Next: 0%
Magic:  2/2        EV:  9    Int: 15    God:    Ignis [****..]
Gold:   0          SH:  0    Dex:  4    Spells: 2/2 levels left

rFire   + . .      SeeInvis .   a - -1 spear (flame)
rCold   . . .      Faith    .   (no shield)
rNeg    . . .      Spirit   .   b - +0 robe
rPois   .          Reflect  .   (helmet restricted)
rElec   .          Harm     .   (no cloak)
rCorr   .          Rampage  .   (gloves unavailable)
Will    .....                   (boots unavailable)
Stlth   +.........              (no amulet)
HPRegen 0.08/turn               (no ring)
MPRegen 0.08/turn               (no ring)

@: no status effects
A: large, unfitting armour, tough skin 1
a: Renounce Religion, Sea of Fire, Foxfire Swarm, Rising Flame


You were on level 1 of the Dungeon.
You worshipped Ignis.
Ignis was greatly pleased with you.
You visited 1 branch of the dungeon, and saw 1 of its levels.

Inventory:

Hand Weapons
 a - a -1 spear of flaming (weapon)
Armour
 b - a +0 robe (worn)
Potions
 c - a potion of haste {unknown}


   Skills:
 + Level 4.0 Fighting
 + Level 3.0 Polearms
 + Level 1.2 Spellcasting
 + Level 2.6 Fire Magic


You had 2 spell levels left.
You didn't know any spells.
Your spell library contained the following spells:

 Spells                   Type           Power      Damage    Failure   Level
 Scorch                   Fire           16%        2d6       12%         2


Dungeon Overview and Level Annotations

Branches:
Dungeon (1/15)

Altars:


Innate Abilities, Weirdness & Mutations

You are too large for most types of armour.
You have tough skin. (AC +1)


Message History

There is an open door here.
There is an open door here.
There is an open door here.
There is an open door here.
There is an open door here.
Fires begin to smoulder around you!
The fire ignites! x2; You smother the flame.
The fire ignites!
There is an open door here.
There is an open door here.
There is an open door here.
Flames leap up around you!
Really walk into that cloud of flame? [Y]es or [N]o only, please.
Really walk into that cloud of flame?
Okay, then.
Unknown command.
No target in view!
No target in view!
Really walk into that cloud of flame?
Your foxfire dissipates!
You are engulfed in blazing flames.
You resist.
Your foxfire dissipates!
There is an open door here.
Your foxfire dissipates!
There is an open door here.
There is an open door here.
There is an open door here.
Fires begin to smoulder around you!
There's no open space to ignite fires in.
The fire ignites! x3; You smother the flame.
The fire ignites! x2
There is an open door here.
There is an open door here.
There is an open door here.
Really walk into that cloud of flame?
You are engulfed in blazing flames.
You resist.
* * * LOW HITPOINT WARNING * * *
There is an open door here.
Really walk into that cloud of flame?
You are engulfed in blazing flames.
You resist.
You die...

#######
#.....#
#..<..#
#.....#
#####'#
.♣ #.#
♣. #.#
♣§♣#§#
♣.'@#
♣♣#♣#


There were no monsters in sight!

Vanquished Creatures (others)
  2 foxfires (D:1)
2 creatures vanquished.

Notes
Turn   | Place    | Note
-------+----------+-------------------------------------------
     0 | D:1      | Crimsonway the Ogre Cinder Acolyte began the quest for the
                  | Orb.
     0 | D:1      | Reached XP level 1. HP: 24/24 MP: 2/2
    58 | D:1      | Engulfed by a cloud of flame

Illustrated notes

Levels and vault maps discovered:
D:1:      scummos_arrival_gate, layout_basic

Action                   || total
-------------------------++-------
Invok: Sea of Fire       ||     3
       Foxfire Swarm     ||     1

Table legend: (Time is in decaauts)
 A = Elapsed time spent in this place.
 B = Non-inter-level travel time spent in this place.
 C = Inter-level travel time spent in this place.
 D = Time resting spent in this place.
 E = Time spent auto-exploring this place.
 F = Levels seen in this place.
 G = Mean time per level.
                   A        B        C        D        E       F      G
               +--------+--------+--------+--------+--------+-----+--------+
         Total |     58 |     58 |      0 |      0 |      0 |   1 |   58.0 |
       Dungeon |     58 |     58 |      0 |      0 |      0 |   1 |   58.0 |
               +--------+--------+--------+--------+--------+-----+--------+

Top non-repeatable levels by time:
     D:1: 58 daAuts
